 Dungeon Crawl Stone Soup version 0.31-a0-175-g9f7f995f2b (webtiles) character file.

Game seed: 7669018720774493575

3807 qw the Skirmisher (level 10, -3/94 HPs)
             Began as a Naga Hunter on June 17, 2023.
             Slain by a hog (7 damage)
             ... on level 7 of the Dungeon.
             The game lasted 00:02:23 (6956 turns).

qw the Skirmisher (Naga Hunter)                     Turns: 6956, Time: 00:02:24

Health: -3/94      AC:  9    Str: 15 (16) XL:     10   Next: 17%
Magic:  10/10      EV: 17    Int:  8 (10) God:
Gold:   339        SH:  0    Dex: 19 (20) Spells: 9/9 levels left

rFire   + . .        Y - +0 shortbow
rCold   + . .        (shield currently unavailable)
rNeg    . . .        i - +1 robe of the Shoals {rPois Str+2 Dex+2}
rPois   +            f - +0 helmet
rElec   .            b - scarf {rC+ rF+}
rCorr   .            l - +0 pair of gloves
SInv    +            (no barding)
Will    ++...        p - amulet of the acrobat
Stlth   ++           m - +5 ring of evasion
HPRegen 0.35/turn    (no ring)
MPRegen 0.12/turn

%: acrobat
@: short of breath, very slow
A: AC +3, large, see invisible, deformed body, poison resistance, slowness 2,
spit poison 2, naga tail 1, iridescent scales 1, strong-willed 1, noise
suppression
a: Breathe Poison Gas


You were on level 7 of the Dungeon.
You visited 2 branches of the dungeon, and saw 9 of its levels.

You collected 420 gold pieces.
You spent 81 gold pieces at shops.


Innate Abilities, Weirdness & Mutations

Your serpentine skin is tough. (AC +3)
You have supernaturally acute eyesight. (SInv)
Armour fits poorly on your strangely shaped body.
Your system is resistant to poisons. (rPois)
You cover ground very slowly.
You can exhale a cloud of poison.
You have a snake-like lower body.
You are partially covered in iridescent scales. (AC +2)
You are strong-willed. (Will+)
You passively dampen the noise of your surroundings.


   Skills:
 + Level 7.5 Fighting
 - Level 11.0 Ranged Weapons
 - Level 1.2 Armour
 - Level 4.0 Dodging
 - Level 1.5 Stealth


You had 9 spell levels left.
You didn't know any spells.
Your spell library was empty.

Inventory:

Hand Weapons
 Y - a +0 shortbow (weapon)
Armour
 b - a scarf of resistance (worn)
 f - a +0 helmet (worn)
 i - the +1 robe of the Shoals (worn) {rPois Str+2 Dex+2}
   (You found it on level 3 of the Dungeon)

   Str:       It affects your strength (+2).
   Dex:       It affects your dexterity (+2).
   rPois:     It protects you from poison.
 l - a +0 pair of gloves (worn)
Jewellery
 c - a ring of fire
 m - a +5 ring of evasion (left hand)
 p - an amulet of the acrobat (around neck)
Wands
 r - a wand of digging (7)
Scrolls
 g - a scroll of amnesia {unknown}
Potions
 a - a potion of attraction {unknown}
 d - 2 potions of mutation
 e - a potion of cancellation {unknown}
 h - 4 potions of curing
 j - a potion of brilliance {unknown}
 k - a potion of heal wounds {unknown}
 n - a potion of magic {unknown}
 o - a potion of might {unknown}
 q - a potion of enlightenment {unknown}
 s - a potion of haste {unknown}

Dungeon Overview and Level Annotations

Branches:
Dungeon (8/15)             Temple (1/1) D:5
   Lair: D:8-11

Altars:
Ashenzari
Cheibriados
Dithmenos
Elyvilon
Fedhas
Gozag
Hepliaklqana
Kikubaaqudgha
Makhleb
Qazlal
Ru
Sif Muna
Trog
Uskayaw
Vehumet
Wu Jian
Xom
Yredelemnul
Zin
The Shining One

Shops:
D:1 *   D:3 [   D:7 *

Annotations:
D:4 1 runed translucent door, Crazy Yiuf


Message History

You shoot an arrow. The arrow hits the hog.
You kill the hog!
The hog bites you! x2
You feel your dexterity returning.
You shoot an arrow.
The arrow hits the hog but does no damage.
The hog is lightly wounded.
The hog bites you. The hog bites you!
You shoot an arrow.
The arrow hits the hog but does no damage.
The hog is lightly wounded.
The hog closely misses you. The hog barely misses you.
You shoot an arrow. The arrow hits the hog!
The hog is moderately wounded.
The hog misses you. The hog bites you but does no damage.
You shoot an arrow. The arrow barely misses the hog.
The hog closely misses you. The hog bites you!
You shoot an arrow. The arrow hits the hog!
The hog is heavily wounded.
The hog bites you. The hog bites you!
You shoot an arrow. The arrow hits the hog!
The hog is severely wounded.
The hog misses you. x2; The hog barely misses you.
You shoot an arrow. The arrow barely misses the hog.
The hog misses you. The hog bites you! The hog misses you.
You shoot an arrow. The arrow hits the hog!
You kill the hog!
The hog closely misses you.
You shoot an arrow. The arrow hits the hog.
The hog is lightly wounded.
You have got your breath back.
The hog barely misses you.
6956 ||| INVOKING Breathe Poison Gas.
Aiming: Breathe Poison Gas (3% risk of failure)
Press: ? - help, Shift-Dir - straight line, f/p - hog You exhale a blast of poison gas.
The poison gas engulfs the hog.
The hog is poisoned.
The hog is moderately wounded.
The hog is engulfed in poison gas.
The hog looks even sicker.
The hog bites you!
You die...

####### #..#..# ..#..#
.'..# #.¤# 0¤#########
####h#...#...####
#.¤0@¤0.....)...#
#...¤....##.#.#.# ###
#...............## #.##
#........#..#.#..# ##
##.##
#........##......##..
##.###........###........#
##.##..........##.....###
##.#........#(......##
##)#...######....>.# #


You could see a hog (very poisoned).

Vanquished Creatures
  A two-headed ogre (D:6)
  Grinder (D:4)
  Sigmund (D:2)
  A human (D:7)
  3 hogs (D:7)
  Menkaure (D:4)
  Edmund (D:4)
  An ice beast (D:6)
  A sky beast (D:6)
  2 black bears
  An orc warrior (D:6)
  2 ogres
  2 phantoms (D:5)
  3 bullfrogs
  2 scorpions (D:4)
  4 wights (D:7)
  4 killer bees (D:4)
  A howler monkey (D:5)
  A jelly (D:2)
  3 orc priests
  Jessica (D:3)
  3 iguanas
  7 orc wizards
  5 adders
  4 gnolls (D:7)
  2 white imps
  4 dart slugs (D:1)
  22 orcs
  9 endoplasms
  4 giant cockroaches
  8 goblins
  5 hobgoblins
  6 jackals
  4 kobolds
  A quokka (D:4)
  8 ball pythons
  8 bats
  5 frilled lizards
  7 rats
149 creatures vanquished.

Notes
Turn   | Place    | Note
-------+----------+-------------------------------------------
     0 | D:1      | qw the Naga Hunter began the quest for the Orb.
     0 | D:1      | Reached XP level 1. HP: 19/19 MP: 1/1
     0 | D:1      | 0 ||| qw: Version: 0.3-a-2-g5ab2908
     0 | D:1      | 0 ||| qw: Game counter: 242
     0 | D:1      | 0 ||| qw: Always use a shield: true
     0 | D:1      | 0 ||| qw: God list: Okawaru
     0 | D:1      | 0 ||| qw: Allow faded altars: false
     0 | D:1      | 0 ||| qw: Do Orc after D:15 true
     0 | D:1      | 0 ||| qw: Do second Lair branch before Depths: true
     0 | D:1      | 0 ||| qw: Lair rune preference: random
     0 | D:1      | 0 ||| qw: Plans: Normal
     0 | D:1      | 0 ||| PLANNING D:1-11
    28 | D:1      | 28 ||| INVOKING Spit Poison.
   114 | D:1      | 114 ||| INVOKING Spit Poison.
   194 | D:1      | 194 ||| INVOKING Spit Poison.
   195 | D:1      | Reached skill level 4 in Ranged Weapons
   195 | D:1      | Reached XP level 2. HP: 26/26 MP: 2/2
   204 | D:1      | 204 ||| INVOKING Spit Poison.
   209 | D:1      | 209 ||| INVOKING Spit Poison.
   218 | D:1      | 218 ||| INVOKING Spit Poison.
   235 | D:1      | 235 ||| INVOKING Spit Poison.
   250 | D:1      | 250 ||| INVOKING Spit Poison.
   254 | D:1      | 254 ||| INVOKING Spit Poison.
   255 | D:1      | 255 ||| FLEEEEING.
   261 | D:1      | 261 ||| FLEEEEING.
   262 | D:1      | 262 ||| FLEEEEING.
   263 | D:1      | 263 ||| FLEEEEING.
   266 | D:1      | 266 ||| INVOKING Spit Poison.
   267 | D:1      | 267 ||| FLEEEEING.
   268 | D:1      | 268 ||| FLEEEEING.
   269 | D:1      | 269 ||| FLEEEEING.
   270 | D:1      | 270 ||| FLEEEEING.
   271 | D:1      | 271 ||| FLEEEEING.
   272 | D:1      | 272 ||| FLEEEEING.
   273 | D:1      | 273 ||| FLEEEEING.
   293 | D:1      | 293 ||| INVOKING Spit Poison.
   327 | D:1      | 327 ||| INVOKING Spit Poison.
   339 | D:1      | 339 ||| INVOKING Spit Poison.
   393 | D:1      | 393 ||| INVOKING Spit Poison.
   436 | D:1      | 436 ||| INVOKING Spit Poison.
   437 | D:1      | Reached XP level 3. HP: 32/32 MP: 3/3
   478 | D:1      | 478 ||| INVOKING Spit Poison.
   486 | D:1      | 486 ||| FLEEEEING.
   488 | D:1      | 488 ||| INVOKING Spit Poison.
   524 | D:1      | 524 ||| INVOKING Spit Poison.
   528 | D:1      | 528 ||| INVOKING Spit Poison.
   549 | D:1      | 549 ||| INVOKING Spit Poison.
   571 | D:1      | 571 ||| INVOKING Spit Poison.
   575 | D:1      | 575 ||| INVOKING Spit Poison.
   613 | D:1      | 613 ||| FLEEEEING.
   614 | D:1      | 614 ||| FLEEEEING.
   626 | D:1      | 626 ||| INVOKING Spit Poison.
   644 | D:1      | Found Zeto's Assorted Antiques.
   654 | D:1      | 654 ||| SHOPLISTING 2 brown potions (55 gold, have 49).
   654 | D:1      | 654 ||| BUYING metallic amethyst potion (27 gold).
   654 | D:1      | Bought a metallic amethyst potion for 27 gold pieces
   654 | D:1      | 654 ||| SHOPLISTING ruby ring (155 gold, have 22).
   654 | D:1      | 654 ||| SHOPLISTING scroll labelled AMOL FUCKARAKK (31
                  | gold, have 22).
   654 | D:1      | 654 ||| SHOPLISTING scroll labelled ZUSOET WEGI (31 gold,
                  | have 22).
   735 | D:1      | 735 ||| INVOKING Spit Poison.
   779 | D:1      | 779 ||| INVOKING Spit Poison.
   961 | D:1      | 961 ||| READING 2 scrolls labelled NOUJEPPEBLY.
   962 | D:1      | 962 ||| READING scroll labelled ATUQUEWIDGH.
   963 | D:1      | 963 ||| DRINKING 2 metallic amethyst potions.
   963 | D:1      | Gained mutation: You have a pair of small horns on your
                  | head. [potion of mutation]
   963 | D:1      | Gained mutation: You can exhale a cloud of poison. [potion
                  | of mutation]
   963 | D:1      | Gained mutation: You are vulnerable to cold. (rC-) [potion
                  | of mutation]
   963 | D:1      | Gained mutation: You are strong-willed. (Will+) [potion of
                  | mutation]
   964 | D:1      | 964 ||| DRINKING potion of mutation.
   964 | D:1      | Lost mutation: You have a pair of small horns on your head.
                  | [potion of mutation]
   964 | D:1      | Lost mutation: You are vulnerable to cold. (rC-) [potion of
                  | mutation]
   964 | D:1      | Gained mutation: You passively dampen the noise of your
                  | surroundings. [potion of mutation]
   964 | D:1      | Gained mutation: You are partially covered in iridescent
                  | scales. (AC +2) [potion of mutation]
   965 | D:1      | 965 ||| DROPPING scroll of revelation.
   966 | D:1      | 966 ||| DROPPING scroll of butterflies.
   995 | D:2      | Noticed Sigmund
   996 | D:2      | 996 ||| INVOKING Breathe Poison Gas.
   998 | D:2      | 998 ||| STAIRDANCE
  1025 | D:2      | Killed Sigmund
  1026 | D:2      | Reached skill level 6 in Ranged Weapons
  1026 | D:2      | Reached XP level 4. HP: 39/39 MP: 4/4
  1026 | D:2      | Reached XP level 5. HP: 45/45 MP: 5/5
  1032 | D:2      | 1032 ||| INVOKING Breathe Poison Gas.
  1073 | D:2      | 1073 ||| INVOKING Breathe Poison Gas.
  1092 | D:2      | 1092 ||| INVOKING Breathe Poison Gas.
  1119 | D:2      | Reached XP level 6. HP: 55/55 MP: 6/6
  1127 | D:2      | 1127 ||| INVOKING Breathe Poison Gas.
  1318 | D:2      | 1318 ||| INVOKING Breathe Poison Gas.
  1340 | D:2      | 1340 ||| INVOKING Breathe Poison Gas.
  1349 | D:2      | 1349 ||| INVOKING Breathe Poison Gas.
  1443 | D:2      | Reached skill level 3 in Fighting
  1450 | D:2      | 1450 ||| INVOKING Breathe Poison Gas.
  1507 | D:2      | 1507 ||| INVOKING Breathe Poison Gas.
  1550 | D:2      | 1550 ||| INVOKING Breathe Poison Gas.
  2260 | D:2      | 2260 ||| UPGRADING to +0 helmet.
  2265 | D:2      | 2265 ||| READING scroll labelled DUNKEO CUMEWEOGG.
  2266 | D:2      | 2266 ||| READING scroll labelled ZYS VOGEVEJ.
  2266 | D:2      | Identified a scroll of acquirement
  2266 | D:2      | 2266 ||| ACQUIRING ring "Gaimuerph" {Fly rF+ Str+5 Dex-5}
  2266 | D:2      | Acquired the ring "Gaimuerph" {Fly rF+ Str+5 Dex-5}
  2340 | D:3      | 2340 ||| INVOKING Breathe Poison Gas.
  2384 | D:3      | 2384 ||| INVOKING Breathe Poison Gas.
  2409 | D:3      | 2409 ||| INVOKING Breathe Poison Gas.
  2420 | D:3      | 2420 ||| INVOKING Breathe Poison Gas.
  2453 | D:3      | 2453 ||| INVOKING Breathe Poison Gas.
  2500 | D:3      | 2500 ||| INVOKING Breathe Poison Gas.
  2515 | D:3      | Identified the +1 robe of the Shoals {rPois Str+2 Dex+2}
  2641 | D:3      | 2641 ||| INVOKING Breathe Poison Gas.
  2704 | D:3      | Noticed Jessica
  2706 | D:3      | 2706 ||| INVOKING Breathe Poison Gas.
  2708 | D:3      | 2708 ||| INVOKING Breathe Poison Gas.
  2708 | D:3      | Killed Jessica
  2709 | D:3      | Found Zareagg's Armour Emporium.
  2715 | D:3      | 2715 ||| BUYING +0 pair of gloves (54 gold).
  2715 | D:3      | Bought a +0 pair of gloves for 54 gold pieces
  2715 | D:3      | 2715 ||| SHOPLISTING +2 cloak of willpower (258 gold, have
                  | 94).
  2715 | D:3      | 2715 ||| SHOPLISTING +2 helmet of Waxihem {rPois} (308
                  | gold, have 94).
  2755 | D:3      | 2755 ||| INVOKING Breathe Poison Gas.
  2861 | D:3      | 2861 ||| INVOKING Breathe Poison Gas.
  3015 | D:3      | 3015 ||| INVOKING Breathe Poison Gas.
  3306 | D:3      | 3306 ||| UPGRADING to scarf of resistance.
  3311 | D:3      | 3311 ||| UPGRADING to +1 robe of the Shoals {rPois Str+2
                  | Dex+2}.
  3321 | D:3      | 3321 ||| DROPPING +0 leather armour.
  3322 | D:3      | 3322 ||| UPGRADING to +0 pair of gloves.
  3327 | D:3      | 3327 ||| READING scroll labelled HAOTEODGHIRR.
  3332 | D:3      | 3332 ||| READING 2 scrolls labelled JEGROMA USAUN.
  3333 | D:3      | 3333 ||| READING scroll labelled ZUSOET WEGI.
  3334 | D:3      | 3334 ||| DRINKING 2 glowing ruby potions.
  3335 | D:3      | 3335 ||| DROPPING scroll of immolation.
  3368 | D:4      | 3368 ||| INVOKING Breathe Poison Gas.
  3408 | D:4      | Noticed Menkaure
  3413 | D:4      | HP: 10/57 [??? (7)]
  3417 | D:4      | Killed Menkaure
  3418 | D:4      | Reached XP level 7. HP: 13/66 MP: 7/7
  3590 | D:4      | 3590 ||| INVOKING Breathe Poison Gas.
  3614 | D:4      | 3614 ||| INVOKING Breathe Poison Gas.
  3650 | D:4      | 3650 ||| INVOKING Breathe Poison Gas.
  3675 | D:4      | 3675 ||| INVOKING Breathe Poison Gas.
  3778 | D:4      | Found a runed translucent door.
  3779 | D:4      | Noticed Crazy Yiuf
  3813 | D:4      | 3813 ||| INVOKING Breathe Poison Gas.
  3978 | D:4      | Noticed Edmund
  3980 | D:4      | 3980 ||| INVOKING Breathe Poison Gas.
  3983 | D:4      | Killed Edmund
  3984 | D:4      | Reached skill level 7 in Ranged Weapons
  3993 | D:4      | Noticed Grinder
  4000 | D:4      | 4000 ||| INVOKING Breathe Poison Gas.
  4020 | D:4      | 4020 ||| INVOKING Breathe Poison Gas.
  4028 | D:4      | Paralysed by Grinder for 3 turns
  4035 | D:4      | Killed Grinder
  4036 | D:4      | Reached XP level 8. HP: 71/73 MP: 8/8
  4078 | D:4      | 4078 ||| INVOKING Breathe Poison Gas.
  4090 | D:4      | 4090 ||| INVOKING Breathe Poison Gas.
  4091 | D:4      | HP: 17/73 [killer bee (8)]
  4092 | D:4      | Reached skill level 8 in Ranged Weapons
  4096 | D:4      | HP: 10/74 [poisoned by a killer bee]
  4163 | D:4      | 4163 ||| INVOKING Breathe Poison Gas.
  4422 | D:4      | 4422 ||| UPGRADING to +5 ring of evasion.
  4423 | D:4      | 4423 ||| READING scroll labelled ETOCIU FUGIPS.
  4567 | D:5      | Entered Level 5 of the Dungeon
  4579 | D:5      | Found a staircase to the Ecumenical Temple.
  4580 | D:5      | 4580 ||| PLANNING TEMPLE
  4580 | D:5      | 4580 ||| INVOKING Breathe Poison Gas.
  4665 | D:5      | 4665 ||| INVOKING Breathe Poison Gas.
  4673 | Temple   | Entered the Ecumenical Temple
  4841 | Temple   | 4841 ||| PLANNING D:1-11
  4891 | D:5      | 4891 ||| INVOKING Breathe Poison Gas.
  4895 | D:5      | Reached skill level 9 in Ranged Weapons
  5103 | D:5      | Reached skill level 3 in Dodging
  5227 | D:5      | 5227 ||| INVOKING Breathe Poison Gas.
  5234 | D:5      | Reached skill level 1 in Armour
  5455 | D:5      | 5455 ||| UPGRADING to amulet of the acrobat.
  5460 | D:5      | 5460 ||| DROPPING ring "Gaimuerph" {Fly rF+ Str+5 Dex-5}.
  5461 | D:5      | 5461 ||| READING scroll labelled JOFFOEZITY.
  5508 | D:6      | 5508 ||| INVOKING Breathe Poison Gas.
  5513 | D:6      | 5513 ||| STAIRDANCE
  5518 | D:5      | Reached XP level 9. HP: 72/82 MP: 9/9
  5591 | D:6      | 5591 ||| INVOKING Breathe Poison Gas.
  5593 | D:6      | Reached skill level 6 in Fighting
  5665 | D:6      | 5665 ||| INVOKING Breathe Poison Gas.
  5685 | D:6      | 5685 ||| INVOKING Breathe Poison Gas.
  5686 | D:6      | 5686 ||| INVOKING Breathe Poison Gas.
  5700 | D:6      | 5700 ||| INVOKING Breathe Poison Gas.
  5727 | D:6      | 5727 ||| INVOKING Breathe Poison Gas.
  5821 | D:6      | Noticed a two-headed ogre
  5822 | D:6      | 5822 ||| INVOKING Breathe Poison Gas.
  5827 | D:6      | Killed a two-headed ogre
  5828 | D:6      | Reached skill level 10 in Ranged Weapons
  5906 | D:6      | 5906 ||| INVOKING Breathe Poison Gas.
  6098 | D:6      | 6098 ||| INVOKING Breathe Poison Gas.
  6198 | D:6      | 6198 ||| INVOKING Breathe Poison Gas.
  6241 | D:6      | 6241 ||| DROPPING +6 ring of intelligence.
  6242 | D:6      | 6242 ||| DRINKING 3 metallic brown potions.
  6268 | D:6      | 6268 ||| DRINKING 2 bubbling inky potions.
  6269 | D:6      | 6269 ||| DRINKING 2 sedimented silvery potions.
  6373 | D:6      | 6373 ||| DROPPING 2 potions of lignification.
  6374 | D:6      | 6374 ||| DROPPING potion of degeneration.
  6375 | D:6      | 6375 ||| DROPPING potion of berserk rage.
  6424 | D:7      | Found Coekh's Assorted Antiques.
  6425 | D:7      | 6425 ||| INVOKING Breathe Poison Gas.
  6433 | D:7      | 6433 ||| INVOKING Breathe Poison Gas.
  6435 | D:7      | You fall into a shaft and drop 1 floor!
  6444 | D:7      | 6444 ||| INVOKING Breathe Poison Gas.
  6450 | D:7      | 6450 ||| INVOKING Breathe Poison Gas.
  6482 | D:7      | 6482 ||| INVOKING Breathe Poison Gas.
  6505 | D:7      | 6505 ||| INVOKING Breathe Poison Gas.
  6521 | D:7      | HP: 16/85 [wight/+0 long sword (10)]
  6521 | D:7      | HP: 7/82 [orc/+0 whip (4)]
  6525 | D:7      | 6525 ||| INVOKING Breathe Poison Gas.
  6526 | D:7      | HP: 6/83 [gnoll/+0 flail (1)]
  6527 | D:7      | HP: 2/83 [wight/+0 long sword (5)]
  6773 | D:7      | 6773 ||| INVOKING Breathe Poison Gas.
  6774 | D:7      | 6774 ||| INVOKING Breathe Poison Gas.
  6798 | D:7      | Identified the +9 falchion of Law {heavy, rF++ Str-2 Dex+6}
  6812 | D:7      | 6812 ||| INVOKING Breathe Poison Gas.
  6816 | D:7      | 6816 ||| Stepping ~*~*~tactically~*~*~ (outnumbered).
  6818 | D:7      | 6818 ||| Stepping ~*~*~tactically~*~*~ (outnumbered).
  6820 | D:7      | 6820 ||| INVOKING Breathe Poison Gas.
  6854 | D:7      | 6854 ||| INVOKING Breathe Poison Gas.
  6856 | D:7      | Reached XP level 10. HP: 94/94 MP: 10/10
  6925 | D:7      | 6925 ||| INVOKING Breathe Poison Gas.
  6930 | D:7      | Reached skill level 11 in Ranged Weapons
  6950 | D:7      | HP: 20/94 [hog (7)]
  6951 | D:7      | HP: 9/94 [hog (7)]
  6953 | D:7      | HP: 3/94 [hog (7)]
  6956 | D:7      | 6956 ||| INVOKING Breathe Poison Gas.
  6956 | D:7      | Slain by a hog

Levels and vault maps discovered:
D:1:      reono_arrival_mine, layout_basic, serial_shops, nicolae_shop_stone
D:2:      wad_lake_hut, layout_basic, lemuel_flame_loot_1, uniq_sigmund
D:3:      layout_basic, serial_shops, shop, serial_bayou, serial_bayou_shore_a,
          serial_bayou_ford_a, serial_bayou_lagoon_a, serial_bayou_shore_b,
          serial_bayou_crossing, minmay_increasing_density, uniq_jessica
D:4:      layout_cave_pools, kennysheep_cross_room, dk_vineyard_2,
          minmay_misc_feat_encased, uniq_crazy_yiuf_cottage, uniq_edmund,
          uniq_menkaure, uniq_grinder
D:5:      layout_loops_ring, temple_fountains,
          nicolae_concentric_dashed_squares_mild, hangedman_decor_push,
          skrybe_limestone_x
D:6:      layout_loops_ring
D:7:      layout_rooms, serial_glass, glass_columns_a, glass_columns_c,
          glass_columns_a, glass_columns_a, glass_columns_a, glass_columns_a,
          glass_columns_a, glass_columns_b, glass_columns_a, glass_columns_a,
          serial_shops, nicolae_stop_n_shop_1, grunt_livestock
D:8:      layout_loops_corners, mainiacjoe_overflow_cross_hatched,
          serial_aquarium, aquarium_bridge_straight [aquarium_subvault_bridge,
          aquarium_subvault_wall, aquarium_subvault_bridge,
          aquarium_subvault_balcony], aquarium_bridge_long_joined
          [aquarium_subvault_wall, aquarium_subvault_bridge,
          aquarium_subvault_wall, aquarium_subvault_window,
          aquarium_subvault_balcony, aquarium_subvault_bridge],
          aquarium_window_fake, aquarium_window_corner, aquarium_window_corner,
          aquarium_view_2e, aquarium_view_2c, aquarium_pool_S, disabler_island,
          uniq_amaemon, uniq_maurice
Temple:   nicolae_temple_slightly_damp_pantheon

Skill      XL: |  1  2  3  4  5  6  7  8  9 10 |
---------------+-------------------------------+-----
Ranged Weapons | 4 6 7 9 10 11 | 11.0
Fighting       | 4 5 7 |  7.5
Dodging        | 2 3 4 |  4.0
Armour         | 1 |  1.2
Stealth        | |  1.5

Action                     |  1- 3 |  4- 6 |  7- 9 | 10-12 || total
---------------------------+-------+-------+-------+-------++-------
   Fire: Shortbow          |    57 |    61 |   217 |    30 ||   365
Ability: Spit Poison       |    25 |       |       |       ||    25
         Breathe Poison Ga |     1 |    22 |    36 |     2 ||    61
    Use: Scroll            |     2 |     5 |     2 |       ||     9
         Potion            |     2 |     1 |     3 |       ||     6
 Armour: Leather armour    |     2 |     4 |       |       ||     6
         Robe              |       |       |    28 |     6 ||    34
  Dodge: Dodged            |     4 |     4 |    69 |    24 ||   101

Table legend:
 A = Non-vault XP
 B = Vault XP
 C = Vault XP percentage of total XP
 D = Non-vault monster count
 E = Vault monster count
 F = Vault count percentage of total count
                 A         B        C        D         E       F
            +---------+---------+-------+---------+---------+-------
      Total |    3782 |    1657 |  30.5 |     133 |      16 |  10.7
            +---------+---------+-------+---------+---------+-------
        D:1 |      62 |       0 |   0.0 |      33 |       0 |   0.0
        D:2 |      89 |     223 |  71.5 |      21 |       1 |   4.5
        D:3 |      65 |      51 |  44.0 |      10 |       8 |  44.4
        D:4 |     565 |     618 |  52.2 |      16 |       3 |  15.8
        D:5 |     684 |       0 |   0.0 |       9 |       0 |   0.0
        D:6 |    1492 |       0 |   0.0 |      15 |       0 |   0.0
        D:7 |     825 |     765 |  48.1 |      29 |       4 |  12.1
            +---------+---------+-------+---------+---------+-------
